 Dungeon Crawl Stone Soup version 0.29.1-2-gbd0b4ee654 (webtiles) character file.

Game seed: 15410803303127934433

18 KittyFluff the Trooper (level 2, 0/36 HPs)
             Began as a Demonspawn Berserker on Nov 30, 2022.
             Was a Follower of Trog.
             Slain by a hobgoblin (5 damage)
             ... on level 2 of the Dungeon.
             The game lasted 00:03:56 (827 turns).

KittyFluff the Trooper (Demonspawn Berserker)        Turns: 827, Time: 00:03:59

Health: 0/36       AC:  2    Str: 17    XL:     2   Next: 51%
Magic:  2/2        EV:  9    Int:  8    God:    Trog [*.....]
Gold:   63         SH:  0    Dex: 12    Spells: 1/1 levels left

rFire   . . .      SeeInvis .   a - +0 mace
rCold   . . .      Faith    .   (no shield)
rNeg    . . .      Spirit   .   b - +0 animal skin
rPois   .          Reflect  .   (no helmet)
rElec   .          Harm     .   (no cloak)
rCorr   .          Rampage  .   (no gloves)
Will    .....                   (no boots)
Stlth   ..........              (no amulet)
HPRegen 0.12/turn               (no ring)
MPRegen 0.08/turn               (no ring)

@: berserking, constricted, very quick
A: demonic touch 1
a: Renounce Religion, Berserk


You were on level 2 of the Dungeon.
You worshipped Trog.
Trog was aware of your devotion.
You visited 1 branch of the dungeon, and saw 2 of its levels.

You collected 63 gold pieces.

Inventory:

Hand Weapons
 a - a +0 mace (weapon)
 l - a +0 sling
Missiles
 k - 7 stones (quivered)
Armour
 b - a +0 animal skin (worn)
Scrolls
 c - a scroll of noise {unknown}
 i - a scroll of amnesia {unknown}
Potions
 d - a potion of mutation {unknown}
 e - a potion of berserk rage {unknown}
 f - a potion of attraction {unknown}
 g - 2 potions of curing {unknown}
 h - a potion of brilliance {unknown}
 j - a potion of heal wounds {unknown}
 m - a potion of cancellation {unknown}


   Skills:
 + Level 3.3 Fighting
 + Level 3.0 Maces & Flails
 * Level 2.0 Armour
 + Level 1.8 Dodging
 + Level 0.2 Stealth


You had one spell level left.
You didn't know any spells.
Your spell library was empty.

Dungeon Overview and Level Annotations

Branches:
Dungeon (2/15)

Altars:


Innate Abilities, Weirdness & Mutations

Your touch may inflict minor irresistible damage on your foes.


Message History

The ball python is moderately wounded.
The jackal closely misses you.
The ball python bites you but does no damage.
The ball python constricts you. The hobgoblin hits you. The jackal bites you.
A jackal comes into view.
The ball python bites you but does no damage.
The ball python constricts you.
The kobold hits you with a +0 short sword.
The hobgoblin hits you.
A red film seems to cover your vision as you go berserk!
You feel yourself moving faster!
You feel mighty!
The jackal barks!
The jackal closely misses you. The ball python closely misses you.
The ball python constricts you. The kobold barely misses you.
The hobgoblin closely misses you.
You barely miss the ball python.
The ball python is moderately wounded.
A jackal comes into view.
The jackal bites you but does no damage.
The ball python bites you. The ball python constricts you.
The jackal closely misses you. The kobold barely misses you.
The hobgoblin hits you.
The jackal moves out of view.
You closely miss the kobold. The ball python barely misses you.
The ball python constricts you. The jackal barely misses you.
The kobold closely misses you. The hobgoblin hits you.
* * * LOW HITPOINT WARNING * * *
You hit the kobold.
You kill the kobold!
Trog accepts your kill. The jackal bites you.
* * * LOW HITPOINT WARNING * * *
The ball python barely misses you. The ball python constricts you.
* * * LOW HITPOINT WARNING * * *
You closely miss the ball python.
The ball python is moderately wounded.
The jackal bites you.
* * * LOW HITPOINT WARNING * * *
The jackal bites you but does no damage.
The hobgoblin hits you.
You die...

. # ..#
.#.##
....##
#.....#
##.......
#hh......
+@S......
#.g.....)
##.......
#.....#
#...##
#+##


You could see 2 jackals, a hobgoblin and a ball python.

Vanquished Creatures
  A dart slug (D:1)
  2 bats (D:1)
  3 endoplasms (D:1)
  2 hobgoblins (D:1)
  2 quokkas (D:1)
  2 ball pythons (D:1)
  A frilled lizard (D:1)
  A kobold (D:2)
14 creatures vanquished.

Notes
Turn   | Place    | Note
-------+----------+-------------------------------------------
     0 | D:1      | KittyFluff the Demonspawn Berserker began the quest for the
                  | Orb.
     0 | D:1      | Reached XP level 1. HP: 18/18 MP: 1/1
   121 | D:1      | Found a faded altar of an unknown god.
   297 | D:1      | Discovered your monstrous ancestry.
   297 | D:1      | Gained mutation: Your touch may inflict minor irresistible
                  | damage on your foes. [demonic ancestry]
   297 | D:1      | Reached XP level 2. HP: 21/24 MP: 2/2
   827 | D:2      | Slain by a hobgoblin

Illustrated notes

Levels and vault maps discovered:
D:1:      dpeg_arrival_lava_altar, layout_loops_ring, basic_ecumenical_altar
D:2:      layout_loops_corners, minmay_pentomino_z2

Skill      XL: |  1  2 |
---------------+-------+-----
Armour         | 2 |  2.0
Maces & Flails | 3 |  3.0
Fighting       | |  3.3
Dodging        | |  1.8
Stealth        | |  0.2

Action                   || total
-------------------------++-------
Melee: Mace              ||    43
       Touch             ||     1
       Punch             ||     1
Invok: Berserk           ||     1
 Stab: Sleeping          ||     2
Armor: Animal skin       ||    13
Dodge: Dodged            ||    32
